 Dungeon Crawl Stone Soup version 0.19.1 (webtiles) character file.

135361 nikopol the Marksminotaur (level 16, -1/147 HPs)
             Began as a Minotaur Berserker on Dec 6, 2016.
             Was the Champion of Trog.
             Slain by a seven-headed hydra (2 damage)
             ... on level 4 of the Swamp on Dec 10, 2016.
             The game lasted 01:49:40 (32432 turns).

nikopol the Marksminotaur (Minotaur Berserker)     Turns: 32432, Time: 01:49:41

Health: -1/147     AC: 27    Str: 30    XL:     16   Next: 64%
Magic:  15/15      EV: 10    Int:  7    God:    Trog [******]
Gold:   2431       SH:  5    Dex: 14    Spells: 0 memorised, 15 levels left

rFire  . . .     SeeInvis .     a - +9 bardiche of Change {freeze, +Fly MR+ Int+3 Dex-5}
rCold  . . .     Gourm    .     d - +2 plate armour {rPois}
rNeg   . . .     Faith    .     (shield currently unavailable)
rPois  +         Spirit   .     (helmet restricted)
rElec  .         Reflect  +     K - +1 cloak
rCorr  .         Harm     .     S - +2 pair of gloves {Str+3}
MR     ++...                    V - +1 pair of boots
Stlth  ..........               y - +5 amulet of reflection
                                I - +4 ring of dexterity
                                x - +3 ring of strength

@: grasped by roots, very slow
A: retaliatory headbutt, horns 2, MP-powered wands
a: Berserk, Trog's Hand, Brothers in Arms, Burn Spellbooks, Renounce Religion,
Evoke Flight


You were on level 4 of the Swamp.
You worshipped Trog.
Trog was exalted by your worship.
You were not hungry.

You visited 4 branches of the dungeon, and saw 27 of its levels.

You collected 3075 gold pieces.
You spent 644 gold pieces at shops.

Inventory:

Hand Weapons
 a - the +9 bardiche of Change (weapon) {freeze, +Fly MR+ Int+3 Dex-5}
   (Trog gifted it to you on level 1 of the Orcish Mines)

   It has been specially enchanted to freeze those struck by it, causing extra
   injury to most foes and up to half again as much damage against particularly
   susceptible opponents.
   It can also slow down cold-blooded creatures.
   It affects your intelligence (+3).
   It affects your dexterity (-5).
   It affects your resistance to hostile enchantments.
   It lets you fly.
 z - a +7 longbow of freezing
Missiles
 O - 482 arrows (quivered)
Armour
 d - a +2 plate armour of poison resistance (worn)
 i - the +13 chain mail of the Disturbing Eyes {Dex+2}
   (You found it on level 1 of the Swamp)

   It affects your dexterity (+2).
 J - a +2 plate armour of magic resistance
 K - a +1 cloak (worn)
 S - a +2 pair of gloves of strength (worn)
 V - a +1 pair of boots (worn)
Jewellery
 x - a +3 ring of strength (left hand)
 y - a +5 amulet of reflection (around neck)
 A - an uncursed ring of protection from cold
 I - a +4 ring of dexterity (right hand)
 W - an uncursed ring of protection from fire
Wands
 m - a wand of digging (24/24)
 w - a wand of polymorph (7/24)
 H - a wand of disintegration (11/24)
 X - a wand of paralysis (12/24)
Scrolls
 n - 6 scrolls of magic mapping
 q - 6 scrolls of fear
 r - 5 scrolls of recharging
 s - 4 scrolls of blinking
 t - 9 scrolls of teleportation
 u - 4 scrolls of enchant armour
 B - 7 scrolls of fog
 D - 9 scrolls of remove curse
 F - a scroll of silence
Potions
 e - 15 potions of curing
 f - a potion of cancellation {unknown}
 g - 3 potions of brilliance
 j - 5 potions of magic
 k - a potion of invisibility
 l - 2 potions of cure mutation
 o - 3 potions of might
 E - 6 potions of heal wounds
 G - 4 potions of berserk rage
 L - 8 potions of agility
 N - 2 potions of ambrosia
 P - 3 potions of haste
 Q - 8 potions of flight
Comestibles
 b - 40 fruits
 c - 17 bread rations
 p - a royal jelly
 v - 14 meat rations
 M - 25 beef jerkies


   Skills:
 + Level 14.4 Fighting
   Level 15.1(16.5) Axes
 * Level 12.1(15.1) Polearms
 * Level 16.2 Bows
 + Level 14.2 Armour
 + Level 13.2 Dodging


You had 15 spell levels left.
You didn't know any spells.

Dungeon Overview and Level Annotations

Branches:
Dungeon (15/15)            Temple (0/1) D:4            Lair (6/6) D:10
  Swamp (4/4) Lair:2       Spider (0/4) Lair:3        Slime (0/5) Lair:5
    Orc (2/2) D:11            Elf (0/3) Orc:2        Vaults (0/5) D:13
 Depths (0/5) D:15

Altars:
Fedhas
Hepliaklqana
Okawaru
Qazlal
Ru
Trog
Uskayaw
Xom
Beogh

Shops:
D:6 }   D:11 [   Orc:2 :*[(


Innate Abilities, Weirdness & Mutations

You reflexively headbutt those who attack you in melee.
You have a pair of horns on your head.
You expend magic power (3 MP) to strengthen your wands.


Message History

* * * LOW HITPOINT WARNING * * *
A six-headed hydra comes into view.
The hornet stings you but does no damage. x2
The seven-headed hydra bites you!
* * * LOW HITPOINT WARNING * * *
The seven-headed hydra bites you but does no damage.
The seven-headed hydra closely misses you.
You block the seven-headed hydra's attack.
The seven-headed hydra bites you but does no damage. x3
The shambling mangrove hits you!!
* * * LOW HITPOINT WARNING * * *
The seven-headed hydra bites you but does no damage. x3
You block the seven-headed hydra's attack.
The seven-headed hydra bites you but does no damage. x4
The seven-headed hydra bites you.
* * * LOW HITPOINT WARNING * * *
The seven-headed hydra closely misses you.
You block the seven-headed hydra's attack.
The seven-headed hydra bites you.
You die...

≈.≈§..♣♣§.≈≈≈♣ ###
≈§≈≈..≈♣.≈≈≈♣ #≈D≈
..≈≈.≈≈..§≈≈♣♣ #.≈.
≈..≈≈≈≈≈.....♣ #.≈#
..≈.≈≈≈≈.≈≈.≈♣ ##.[#
≈≈♣♣♣≈♣♣♣.≈≈≈♣###≈.#
≈≈♣ ♣♣♣ ♣♣♣..≈≈.≈.≈#
≈♣♣ ♣...≈≈≈..♣# ♣♣♣
♣♣.....@f≈# .≈♣♣♣
♣...♣###D≈## ..≈≈≈
♣♣§♣♣ ##yy## ..≈≈≈
♣.≈♣ ##Dy# ♣≈≈≈≈
.≈§♣♣ ##((((.≈≈ ♣.≈≈
...≈ #(.(((#
.....♣♣♣. ###(## ♣
♣♣ #


You could see a shambling mangrove, 2 seven-headed hydras, a six-headed hydra
and 3 hornets.

Vanquished Creatures
  Bai Suzhen (Swamp:3)
  Rupert (D:15)
  A thorn hunter (Swamp:3)
  A frost giant (D:12)
  An orc warlord (Orc:2)
  Louise (Swamp:4)
  An ettin (D:15)
  2 ogre magi (D:15)
  A fire dragon (D:11)
  12 hydras
  A catoblepas (D:13)
  10 alligators
  4 centaur warriors
  3 tengu warriors
  2 death yaks (Lair:4)
  5 orc high priests
  A spriggan berserker (Swamp:4)
  3 skeletal warriors (D:13)
  6 swamp dragons
  A spriggan druid (Swamp:3)
  3 unseen horrors
  6 orc knights
  3 shambling mangroves (Swamp:3)
  A wizard (D:15)
  12 hill giants
  4 lindwurms (Lair:2)
  5 orc sorcerers
  A wolf spider zombie (D:15)
  2 deep elf magi
  4 cyclopes
  2 oklob plants
  9 ugly things
  2 manticores
  6 elephants (Lair:6)
  3 centaur zombies
  Psyche (D:11)
  3 centaur skeletons
  3 black mambas
  A gargoyle (D:11)
  14 spiny frogs
  A torpor snail (Lair:4)
  9 komodo dragons
  2 rime drakes
  8 trolls
  2 tengu conjurers (D:14)
  6 meliai
  9 polar bears (Lair:6)
  10 two-headed ogres
  Grinder (D:6)
  4 blink frogs
  8 hornets
  2 tyrant leeches
  23 slime creatures
  7 hippogriffs
  5 bog bodies
  2 raiju (Lair:6)
  6 dream sheep (Lair:6)
  A water elemental (D:15)
  6 spriggans
  A spriggan (shapeshifter) (D:14)
  3 wyverns
  38 yaks
  6 hungry ghosts
  A wraith (D:12)
  10 vampire mosquitoes
  3 basilisks
  4 steam dragons (Lair:6)
  21 swamp worms
  A soldier ant (D:14)
  19 insubstantial wisps
  A mottled dragon (Lair:6)
  11 wargs
  Duvessa (D:7)
  3 hell hounds (Lair:6)
  8 porcupines
  13 black bears
  4 ice beasts
  10 water moccasins
  39 orc warriors
  10 swamp drakes
  A sky beast (D:5)
  13 wolves
  4 eyes of draining
  16 ogres
  7 centaurs
  8 crocodiles
  A big kobold (D:12)
  22 bullfrogs
  2 gnoll sergeants (D:8)
  Dowan (D:7)
  4 scorpions
  3 killer bees (D:13)
  4 wights (D:12)
  A howler monkey (D:12)
  2 electric eels
  3 crimson imps
  2 quasits
  2 jellies
  18 hounds
  Crazy Yiuf (D:7)
  3 bullfrog skeletons
  23 orc priests
  14 iguanas
  33 orc wizards
  12 worker ants
  A hound zombie (D:8)
  A worker ant zombie (D:9)
  10 adders
  12 gnolls
  7 shadow imps
  3 oozes
  2 adder skeletons
  2 worms (D:3)
  2 dart slugs
  6 leopard geckos
  109 orcs
  3 ball pythons
  6 giant cockroaches
  17 goblins
  13 hobgoblins
  18 jackals
  4 quokkas
  7 bats
  6 frilled lizards
  A jackal skeleton (D:4)
  11 kobolds
  5 rats
  25 fungi (Lair:5)
  53 plants
986 creatures vanquished.

Vanquished Creatures (collateral kills)
  An orc warlord (Orc:2)
  A fire dragon (Lair:6)
  A manticore (D:12)
  3 hornets (Swamp:3)
  A raiju (Lair:6)
  A shadow (D:12)
  A mottled dragon (Lair:6)
  2 wargs (Lair:6)
  A swamp worm (Swamp:3)
  2 hell hounds (Lair:6)
  2 orc warriors (Orc:2)
  A black bear (Lair:6)
  A wolf (Lair:6)
  A crimson imp (D:12)
  A hound (Lair:6)
  5 orc priests
  3 orc wizards
  2 orcs (Orc:2)
30 creatures vanquished.

Vanquished Creatures (others)
  A centaur warrior (D:12)
  Sonja (Lair:3)
  A swamp worm (Swamp:4)
  An orc wizard (Orc:2)
  2 orcs (Orc:1)
  10 fungi
  16 plants (Lair:6)
32 creatures vanquished.

Grand Total: 1048 creatures vanquished

Notes
Turn   | Place    | Note
-------+----------+-------------------------------------------
     0 | D:1      | nikopol the Minotaur Berserker began the quest for the Orb.
     0 | D:1      | Reached XP level 1. HP: 19/19 MP: 0/0
    80 | D:1      | Reached XP level 2. HP: 26/27 MP: 1/1
   549 | D:1      | Reached XP level 3. HP: 33/33 MP: 2/2
   688 | D:2      | Reached ** piety under Trog
   727 | D:2      | Found a faded altar of an unknown god.
   826 | D:2      | Reached XP level 4. HP: 40/40 MP: 3/3
   863 | D:2      | Found a sacrificial altar of Ru.
  1267 | D:3      | Reached skill level 5 in Axes
  1374 | D:3      | Reached *** piety under Trog
  1391 | D:3      | Reached XP level 5. HP: 35/47 MP: 4/4
  1983 | D:4      | Found a stormy altar of Qazlal.
  1997 | D:4      | Reached XP level 6. HP: 53/55 MP: 5/5
  2035 | D:4      | Reached skill level 5 in Fighting
  2282 | D:4      | Found an iron altar of Okawaru.
  2483 | D:4      | Found a staircase to the Ecumenical Temple.
  2548 | D:5      | Entered Level 5 of the Dungeon
  2838 | D:5      | Noticed a sky beast
  2852 | D:5      | Killed a sky beast
  2852 | D:5      | Reached skill level 5 in Armour
  2852 | D:5      | Reached XP level 7. HP: 39/61 MP: 6/6
  2997 | D:5      | Reached **** piety under Trog
  3579 | D:6      | Found a hazy altar of Hepliaklqana.
  3580 | D:6      | Found a shimmering altar of Xom.
  3580 | D:6      | Noticed a yak
  3581 | D:6      | Noticed a spectral ugly thing
  3581 | D:6      | Noticed a yak
  3628 | D:6      | Reached skill level 5 in Dodging
  3929 | D:6      | Found Naif's Gadget Emporium.
  3968 | D:6      | Reached XP level 8. HP: 35/71 MP: 7/7
  4271 | D:6      | Noticed Grinder
  4293 | D:6      | Paralysed by Grinder for 3 turns
  4304 | D:6      | Killed Grinder
  4719 | D:6      | Reached skill level 1 in Bows
  5241 | D:7      | Reached skill level 2 in Bows
  5333 | D:7      | Reached ***** piety under Trog
  5365 | D:7      | Noticed Dowan
  5367 | D:7      | Noticed Duvessa
  5367 | D:7      | Noticed a hornet
  5380 | D:7      | Killed a hornet
  5380 | D:7      | Reached skill level 3 in Bows
  5380 | D:7      | Reached XP level 9. HP: 50/79 MP: 8/8
  5383 | D:7      | Killed Duvessa
  5393 | D:7      | Killed Dowan
  5734 | D:7      | Found a hide-covered altar of Uskayaw.
  5752 | D:7      | Noticed a troll
  5763 | D:7      | Killed a troll
  5763 | D:7      | Reached skill level 4 in Bows
  6089 | D:7      | Found a runed door.
  6093 | D:7      | Noticed Crazy Yiuf
  6096 | D:7      | Killed Crazy Yiuf
  6901 | D:8      | Reached skill level 5 in Bows
  6915 | D:8      | Received a gift from Trog
  7324 | D:8      | Reached XP level 10. HP: 41/88 MP: 9/9
  7801 | D:9      | Reached skill level 6 in Bows
  7949 | D:9      | Reached skill level 10 in Axes
  8281 | D:9      | Received a gift from Trog
  8651 | D:10     | Entered Level 10 of the Dungeon
  8696 | D:10     | Noticed a hill giant
  8706 | D:10     | Killed a hill giant
  8735 | D:10     | Reached skill level 7 in Bows
  9143 | D:10     | Found a staircase to the Lair.
  9162 | D:10     | Found Wuqat's Food Emporium.
  9320 | Lair:1   | Entered Level 1 of the Lair of Beasts
  9328 | Lair:1   | Received a gift from Trog
  9614 | Lair:1   | Reached XP level 11. HP: 80/97 MP: 10/10
  9740 | Lair:1   | Reached skill level 8 in Bows
  9830 | Lair:1   | Noticed an eight-headed hydra
  9840 | Lair:1   | Killed an eight-headed hydra
 10561 | Lair:2   | Noticed a lindwurm
 10563 | Lair:2   | Noticed a lindwurm
 10572 | Lair:2   | Killed a lindwurm
 10576 | Lair:2   | Killed a lindwurm
 10577 | Lair:2   | Noticed a lindwurm
 10583 | Lair:2   | Noticed a lindwurm
 10921 | Lair:2   | Reached skill level 9 in Bows
 11000 | Lair:2   | Found a staircase to the Swamp.
 11586 | Lair:3   | Found a hole to the Spider Nest.
 11627 | Lair:3   | Reached skill level 10 in Fighting
 11811 | Lair:2   | Killed a lindwurm
 11856 | Lair:2   | Killed a lindwurm
 12283 | Lair:3   | Noticed Sonja
 12420 | Lair:3   | Killed Sonja
 12420 | Lair:3   | Reached skill level 10 in Armour
 12771 | Lair:4   | Noticed a death yak
 12775 | Lair:4   | Noticed a death yak
 12780 | Lair:4   | Killed a death yak
 12790 | Lair:4   | Killed a death yak
 12790 | Lair:4   | Reached skill level 10 in Bows
 12790 | Lair:4   | Reached XP level 12. HP: 107/107 MP: 11/11
 12923 | Lair:4   | Received a gift from Trog
 13538 | Lair:4   | Noticed a five-headed hydra
 13542 | Lair:4   | Noticed a four-headed hydra
 13542 | Lair:4   | Killed a five-headed hydra
 13546 | Lair:4   | Killed a four-headed hydra
 14011 | Lair:5   | Found a blossoming altar of Fedhas.
 14763 | Lair:5   | Found a staircase to the Slime Pits.
 15019 | Lair:5   | Noticed a seven-headed hydra
 15028 | Lair:5   | Killed a seven-headed hydra
 15028 | Lair:5   | Reached skill level 11 in Bows
 15387 | Lair:6   | Entered Level 6 of the Lair of Beasts
 15390 | Lair:6   | Got a jewelled chain mail
 15684 | Lair:6   | Received a gift from Trog
 15846 | Lair:6   | Reached skill level 10 in Dodging
 15876 | Lair:6   | Reached XP level 13. HP: 71/116 MP: 12/12
 16208 | Lair:6   | Received a gift from Trog
 16388 | Lair:6   | Noticed a fire dragon
 16395 | Lair:6   | Killed a fire dragon
 16580 | Lair:6   | Received a gift from Trog
 16793 | Lair:6   | Received a gift from Trog
 16898 | Lair:6   | Reached skill level 12 in Bows
 17257 | Lair:6   | Received a gift from Trog
 17440 | Lair:6   | Got a pitted cloak
 17800 | Lair:6   | Identified the +2 chain mail "Ruadoofe" {rC+ Int+3 Dex+6} (You found it on level 6 of the Lair of Beasts)
 17810 | Lair:6   | Identified the -2 cloak "Qewoux" {*Slow rElec MR+ rCorr} (You found it on level 6 of the Lair of Beasts)
 18250 | D:11     | Received a gift from Trog
 18359 | D:11     | Noticed a fire dragon
 18362 | D:11     | Noticed Psyche
 18373 | D:11     | Killed a fire dragon
 18373 | D:11     | Reached skill level 15 in Axes
 18374 | D:11     | Killed Psyche
 18424 | D:11     | Found Zaolyk's Antique Armour Emporium.
 18610 | D:11     | Reached ****** piety under Trog
 18635 | D:11     | Received a gift from Trog
 18663 | D:11     | Found a staircase to the Orcish Mines.
 18927 | Orc:1    | Entered Level 1 of the Orcish Mines
 18949 | Orc:1    | Received a gift from Trog
 18998 | Orc:1    | Got a scorched bardiche {god gift}
 18999 | Orc:1    | Identified the +9 bardiche of Change {freeze, +Fly MR+ Int+3 Dex-5} (Trog gifted it to you on level 1 of the Orcish Mines)
 19109 | Orc:1    | Found a bloodstained altar of Trog.
 19188 | Orc:2    | Entered Level 2 of the Orcish Mines
 19191 | Orc:2    | Noticed an orc warlord
 19440 | Orc:2    | Reached skill level 1 in Polearms
 19444 | Orc:2    | Killed an orc warlord
 19446 | Orc:2    | Reached XP level 14. HP: 113/126 MP: 13/13
 19660 | Orc:2    | Reached skill level 13 in Bows
 19905 | Orc:2    | Found a roughly hewn altar of Beogh.
 20841 | Orc:2    | Found a staircase to the Elven Halls.
 20975 | Orc:2    | Received a gift from Trog
 21091 | Orc:2    | Gained mutation: You expend magic power (3 MP) to strengthen your wands. [a neqoxec]
 21673 | Orc:2    | Received a gift from Trog
 21798 | Orc:2    | Received a gift from Trog
 22095 | Orc:2    | Paralysed by an orc sorcerer for 3 turns
 22157 | Orc:2    | Noticed an orc warlord
 22164 | Orc:2    | Killed an orc warlord
 22800 | Orc:2    | Found Fiwooj Onank's Antique Armour Emporium.
 22801 | Orc:2    | Found Hocsuapung's Antique Weapon Shoppe.
 22802 | Orc:2    | Found Kanoyni's General Store.
 22802 | Orc:2    | Found Uxkoudwo's Book Emporium.
 22876 | Orc:2    | Reached skill level 5 in Polearms
 23237 | D:11     | Bought a pitted plate armour for 644 gold pieces
 23248 | D:11     | Identified the +3 plate armour of the Spheres {Int+6} (You bought it in a shop on level 11 of the Dungeon)
 23900 | D:12     | Received a gift from Trog
 24605 | D:12     | Noticed a frost giant
 24613 | D:12     | Killed a frost giant
 24613 | D:12     | Reached skill level 14 in Bows
 25003 | D:13     | Received a gift from Trog
 25455 | D:13     | Reached XP level 15. HP: 135/135 MP: 14/14
 26146 | D:13     | Found a gate to the Vaults.
 26256 | D:14     | Received a gift from Trog
 27167 | D:15     | Entered Level 15 of the Dungeon
 27851 | D:15     | Found a staircase to the Depths.
 27948 | D:15     | Reached skill level 10 in Polearms
 27949 | D:15     | Received a gift from Trog
 27952 | D:15     | Reached skill level 15 in Bows
 28106 | D:15     | Noticed Rupert
 28117 | D:15     | Killed Rupert
 28568 | Swamp:1  | Entered Level 1 of the Swamp
 29008 | Swamp:1  | Got an ancient chain mail
 29019 | Swamp:1  | Identified the +13 chain mail of the Disturbing Eyes {Dex+2} (You found it on level 1 of the Swamp)
 29470 | Swamp:2  | Reached XP level 16. HP: 74/145 MP: 15/15
 29806 | Swamp:2  | Received a gift from Trog
 30282 | Swamp:2  | Received a gift from Trog
 31246 | Swamp:3  | Noticed a thorn hunter
 31249 | Swamp:3  | Noticed Bai Suzhen
 31250 | Swamp:3  | Killed a thorn hunter
 31264 | Swamp:3  | Killed Bai Suzhen
 31264 | Swamp:3  | Reached skill level 16 in Bows
 31895 | Swamp:4  | Entered Level 4 of the Swamp
 32116 | Swamp:4  | Noticed Louise
 32140 | Swamp:4  | Received a gift from Trog
 32142 | Swamp:4  | Killed Louise
 32431 | Swamp:4  | HP: 5/147 [shambling mangrove (27)]
 32432 | Swamp:4  | HP: 1/147 [seven-headed hydra (5)]
 32432 | Swamp:4  | Slain by a seven-headed hydra

Skill      XL: |  1  2  3  4  5  6  7  8  9 10 11 12 13 14 15 16 |
---------------+-------------------------------------------------+-----
Axes           | 4 5 6 8 9 11 12 13 15 | 15.1
Fighting       | 4 5 6 7 8 9 10 11 12 13 14 | 14.4
Dodging        | 3 4 5 6 7 8 9 10 11 12 13 | 13.2
Armour         | 3 4 5 6 7 8 9 10 11 12 13 14 | 14.2
Bows           | 3 5 7 10 11 12 14 15 16 | 16.2
Polearms       | 1 7 10 12 | 12.1

Action                   |  1- 3 |  4- 6 |  7- 9 | 10-12 | 13-15 | 16-18 || total
-------------------------+-------+-------+-------+-------+-------+-------++-------
Melee: Hand axe          |    79 |   153 |   282 |    48 |       |       ||   562
       Headbutt          |    13 |    28 |    48 |   192 |   167 |    10 ||   458
       War axe           |       |       |       |   373 |   282 |       ||   655
       Bardiche          |       |       |       |       |   463 |    86 ||   549
       Longbow           |       |       |       |       |     1 |       ||     1
 Fire: Shortbow          |       |       |    86 |   425 |   462 |       ||   973
       Longbow           |       |       |       |       |   338 |   233 ||   571
Invok: Berserk           |       |     1 |     8 |     1 |     3 |       ||    13
       Burn Spellbooks   |       |       |     1 |     2 |     4 |       ||     7
       Brothers in Arms  |       |       |       |       |     5 |     1 ||     6
 Abil: Evoke Flight      |       |       |       |     1 |       |       ||     1
  Use: Scroll            |       |       |       |    27 |    11 |       ||    38
 Stab: Distracted        |       |       |       |       |     1 |     1 ||     2
  Eat: Chunk             |       |     7 |    23 |    18 |    45 |     7 ||   100
       Pizza             |       |       |       |     2 |       |     2 ||     4
       Bread ration      |       |       |       |     1 |       |       ||     1
       Fruit             |       |       |       |     2 |     4 |     1 ||     7
Armor: Ring mail         |    30 |    64 |    47 |       |       |       ||   141
       Scale mail        |       |       |    75 |    15 |       |       ||    90
       Plate armour      |       |       |       |    83 |   464 |    97 ||   644
Dodge: Dodged            |    43 |   121 |   193 |   147 |   534 |    75 ||  1113
Block: Other             |       |       |       |    45 |   199 |    32 ||   276
       Reflection        |       |       |       |     4 |    14 |     2 ||    20
